 Dungeon Crawl Stone Soup version 0.18.1-48-g4cf74bf (console) character file.

636 Kloppie the Skirmisher (level 7, 0/61 HPs)
             Began as a Centaur Fighter on Sept 12, 2016.
             Slain by Duvessa
             ... wielding a +0 rapier
              (9 damage)
             ... on level 4 of the Dungeon.
             The game lasted 00:04:52 (3893 turns).

Kloppie the Skirmisher (Centaur Fighter)            Turns: 3893, Time: 00:04:52

Health: 0/61       AC:  6    Str: 18    XL:     7   Next: 25%
Magic:  7/7        EV:  5    Int:  7    God:
Gold:   151        SH:  9    Dex: 11    Spells: 0 memorised, 6 levels left

rFire  . . .     SeeInvis .     a - +0 flail
rCold  . . .     Gourm    .     b - +0 scale mail
rNeg   . . .     Faith    .     c - +0 shield
rPois  .         Spirit   .     (no helmet)
rElec  .         Dismiss  .     (no cloak)
rCorr  .         Reflect  .     (no gloves)
SustAt .         Harm     .     (no barding)
MR     .....                    (no amulet)
Stlth  ..........               (no ring)
                                (no ring)

@: glowing, very quick, not resistant to hostile enchantments, extremely
unstealthy
A: hooves 3, deformed body, speed 2, tough skin 3
a: no special abilities


You were on level 4 of the Dungeon.
You were not hungry.

You visited 1 branch of the dungeon, and saw 4 of its levels.

You collected 151 gold pieces.

Inventory:

Hand Weapons
 a - a +0 flail (weapon)
Armour
 b - a +0 scale mail (worn)
 c - a +0 shield (worn)
Jewellery
 i - an uncursed ring of positive energy {unknown}
 k - an uncursed amulet of regeneration {unknown}
Wands
 v - a wand of confusion (35/48)
Scrolls
 d - 2 scrolls of remove curse {unknown}
 g - 3 scrolls of amnesia {unknown}
 l - 3 scrolls of teleportation {unknown}
 m - a scroll of blinking {unknown}
 n - 2 scrolls of identify {unknown}
 p - a scroll of enchant armour {unknown}
 q - a scroll of recharging {unknown}
 w - a scroll of random uselessness {unknown}
Potions
 e - a potion of resistance {unknown}
 j - a potion of curing {unknown}
 o - a potion of agility
 t - a potion of lignification {unknown}
 u - a potion of invisibility {unknown}
Comestibles
 f - 3 bread rations
 h - 3 chunks of flesh
 r - 3 fruits
 s - 2 slices of pizza


   Skills:
 + Level 5.6 Fighting
 + Level 4.2 Maces & Flails
 - Level 2.1 Armour
 + Level 4.0 Shields


You had 6 spell levels left.
You didn't know any spells.

Dungeon Overview and Level Annotations

Branches:
Dungeon (4/15)
 Temple: D:4-7

Altars:
Nemelex Xobeh
Pakellas
Ru
Trog
Yredelemnul
Zin
The Shining One

Annotations:
D:2 Natasha
D:4 Dowan, Duvessa


Innate Abilities, Weirdness & Mutations

You have hooves in place of feet.
Armour fits poorly on your strangely shaped body.
You cover ground very quickly.
You have extremely tough skin (AC +3).


Message History

Dowan hits you but does no damage.
Duvessa says, "Where magic fails, the sword succeeds!"
Duvessa hits you with a rapier.
* * * LOW HITPOINT WARNING * * *
You hit Duvessa. You kick Duvessa.
Duvessa is heavily wounded.
Duvessa hits you but does no damage. Dowan gestures at you while chanting.
The puff of flame hits you!
* * * LOW HITPOINT WARNING * * *
You block Duvessa's attack. Dowan hits you but does no damage.
You miss Dowan. Your kick misses Dowan.
Dowan is almost dead.
You block Duvessa's attack. Dowan barely misses you.
Duvessa hits you with a rapier.
* * * LOW HITPOINT WARNING * * *
You closely miss Dowan. Your kick misses Dowan.
Dowan is almost dead.
Duvessa hits you with a rapier!
You die...

...# ....+
....####+#....
#######..............
#....................
#..................#
#..e...............#
#..e@..............#
#########.........#####
#............[....+....
#.###'###.........#####
#.# #.# #.........#
#.###.###.........#
#.###_..+.........#
#.###.###.........# #.#
#.# #.........#####


You could see Duvessa and Dowan.

Vanquished Creatures
  An ogre (D:4)
  The ghost of Gargoyl the Skirmisher, an amateur DsAK of Lugonu (D:3)
  2 scorpions
  A water moccasin skeleton (D:4)
  A hound (D:4)
  An orc priest (D:4)
  A giant frog skeleton (D:4)
  2 worker ants (D:4)
  2 orc wizards
  4 gnolls (D:4)
  4 adders
  A worm (D:3)
  A giant gecko (D:4)
  9 orcs
  4 giant cockroaches
  6 goblins
  5 hobgoblins
  2 jackals (D:4)
  7 kobolds
  A quokka (D:4)
  2 ball pythons
  4 bats
  2 giant gecko skeletons (D:4)
  3 giant newts
  2 rats
69 creatures vanquished.

Notes
Turn   | Place    | Note
--------------------------------------------------------------
     0 | D:1      | Kloppie the Centaur Fighter began the quest for the Orb.
     0 | D:1      | Reached XP level 1. HP: 19/19 MP: 1/1
   509 | D:1      | Reached XP level 2. HP: 26/26 MP: 2/2
  1155 | D:2      | Reached XP level 3. HP: 31/31 MP: 3/3
  1411 | D:2      | Found a glowing golden altar of the Shining One.
  1412 | D:2      | Noticed Natasha
  1681 | D:3      | Noticed Gargoyl's ghost (amateur DsAK)
  1690 | D:3      | Noticed a scorpion
  1692 | D:3      | Killed Gargoyl's ghost
  1692 | D:3      | Reached skill level 4 in Fighting
  1692 | D:3      | Reached XP level 4. HP: 39/40 MP: 4/4
  1699 | D:3      | Reached XP level 5. HP: 24/47 MP: 5/5
  2868 | D:4      | Reached XP level 6. HP: 53/55 MP: 6/6
  3082 | D:4      | Found an oddly glowing altar of Pakellas.
  3116 | D:4      | Reached skill level 5 in Fighting
  3387 | D:4      | Reached XP level 7. HP: 38/61 MP: 7/7
  3659 | D:4      | Found a sacrificial altar of Ru.
  3714 | D:4      | Found a glowing silver altar of Zin.
  3714 | D:4      | Found a basalt altar of Yredelemnul.
  3714 | D:4      | Found a sparkling altar of Nemelex Xobeh.
  3859 | D:4      | Found a bloodstained altar of Trog.
  3879 | D:4      | Noticed Duvessa
  3879 | D:4      | Noticed Dowan
  3893 | D:4      | Slain by Duvessa

Skill      XL: |  1  2  3  4  5  6  7 |
---------------+----------------------+-----
Maces & Flails | 2 3 4 |  4.2
Fighting       | 4 5 |  5.6
Shields        | 3 4 |  4.0
Armour         | |  2.1

Action                   |  1- 3 |  4- 6 |  7- 9 || total
-------------------------+-------+-------+-------++-------
Melee: Flail             |    99 |   140 |    42 ||   281
       Kick              |    14 |    32 |    10 ||    56
  Use: Potion            |     1 |       |       ||     1
  Eat: Chunk             |     2 |     1 |       ||     3
       Meat ration       |       |     1 |       ||     1
Armor: Scale mail        |    50 |    64 |    17 ||   131
Dodge: Dodged            |    23 |    29 |    10 ||    62
Block: Shield            |    47 |    64 |    19 ||   130
